% Time on Ice - NORTH DAKOTA HAWKS
Lines # - Real PCT - Wanted PCT - Time Play
Normal Forward
1 - 27% - 28% - 13:15
2 - 27% - 28% - 13:01
3 - 24% - 24% - 11:37
4 - 23% - 20% - 11:12
Normal Defense
1 - 34% - 35% - 16:56
2 - 37% - 35% - 18:21
3 - 20% - 18% - 9:59
4 - 8% - 12% - 3:49
PP Forward
1 - 66% - 50% - 3:13
2 - 34% - 50% - 1:39
PP Defense
1 - 53% - 50% - 2:36
2 - 47% - 50% - 2:16
PK Forward
1 - 63% - 50% - 3:04
2 - 37% - 50% - 1:48
PK Defense
1 - 43% - 50% - 2:07
2 - 57% - 50% - 2:45
PK3 Forward
1 - 0% - 50%
2 - 0% - 50%
PK3 Defense
1 - 0% - 50%
2 - 0% - 50%
44 Forward
1 - 71% - 50% - 0:46
2 - 29% - 50% - 0:19
44 Defense
1 - 29% - 50% - 0:19
2 - 71% - 50% - 0:46
Last Minute Offensive  - 0:06
Last Minute Defensive  - 0:00
Total
Forward - 60:00
Defense - 60:00
% Time on Ice - EDMONTON ICE
Lines # - Real PCT - Wanted PCT - Time Play
Normal Forward
1 - 36% - 37% - 17:29
2 - 33% - 34% - 16:21
3 - 21% - 23% - 10:26
4 - 10% - 6% - 4:49
Normal Defense
1 - 35% - 37% - 17:17
2 - 32% - 33% - 15:33
3 - 26% - 23% - 12:36
4 - 7% - 7% - 3:39
PP Forward
1 - 54% - 55% - 2:37
2 - 46% - 45% - 2:15
PP Defense
1 - 58% - 55% - 2:48
2 - 42% - 45% - 2:04
PK Forward
1 - 67% - 57% - 3:15
2 - 33% - 43% - 1:37
PK Defense
1 - 66% - 57% - 3:14
2 - 34% - 43% - 1:38
PK3 Forward
1 - 0% - 55%
2 - 0% - 45%
PK3 Defense
1 - 0% - 55%
2 - 0% - 45%
44 Forward
1 - 75% - 55% - 0:49
2 - 25% - 45% - 0:16
44 Defense
1 - 71% - 55% - 0:46
2 - 29% - 45% - 0:19
Last Minute Offensive  - 0:00
Last Minute Defensive  - 0:06
Total
Forward - 60:00
Defense - 60:00
Play-by-Play 1st period 0:01 of 1st period - Ryan O'Reilly wins face-off versus Luke Kunin in neutral zone. 0:06 of 1st period - Shot by Anthony Mantha. 0:06 of 1st period - Deflect By Jaden Schwartz. 0:06 of 1st period - Stopped by Cameron Talbot without a rebound. 0:07 of 1st period - Nic Dowd wins face-off versus Patric Hornqvist in NORTH DAKOTA HAWKS zone. 0:38 of 1st period - Shot by Patric Hornqvist. 0:38 of 1st period - Deflect By Timo Meier. 0:38 of 1st period - Stopped by Cameron Talbot without a rebound. 0:39 of 1st period - Brandon Sutter wins face-off versus Mikko Koivu in NORTH DAKOTA HAWKS zone. 0:56 of 1st period - Minor Penalty to Boone Jenner for Holding. 0:57 of 1st period - Ryan O'Reilly wins face-off versus Nick Suzuki in EDMONTON ICE zone. 3:25 of 1st period - Ryan Carpenter is hit by Patric Hornqvist. 3:51 of 1st period - Shot by Nic Dowd. 3:51 of 1st period - Deflect By Frank Vatrano. 3:51 of 1st period - Shot Blocked by Shea Theodore. 4:09 of 1st period - Shot by Anthony Mantha. 4:09 of 1st period - Stopped by Cameron Talbot without a rebound. 4:10 of 1st period - Brandon Sutter wins face-off versus Mikko Koivu in NORTH DAKOTA HAWKS zone. 4:27 of 1st period - Shot by Boone Jenner. 4:27 of 1st period - Deflect By Mikko Koivu. 4:27 of 1st period - Stopped by Cameron Talbot without a rebound. 4:28 of 1st period - Ryan O'Reilly wins face-off versus Nick Suzuki in NORTH DAKOTA HAWKS zone. 4:36 of 1st period - Jaden Schwartz is hit by Marc Staal and loses puck. 4:59 of 1st period - Shot by Jaden Schwartz. 4:59 of 1st period - Stopped by Cameron Talbot without a rebound. 5:00 of 1st period - Boone Jenner wins face-off versus Craig Smith in NORTH DAKOTA HAWKS zone. 5:26 of 1st period - Icing by Jack Johnson. 5:27 of 1st period - Mikko Koivu wins face-off versus Nick Suzuki in EDMONTON ICE zone. 5:55 of 1st period - Shot by Alex Killorn. 5:55 of 1st period - Stopped by Philipp Grubauer without a rebound. 5:56 of 1st period - Cody Eakin wins face-off versus Ryan O'Reilly in EDMONTON ICE zone. 6:04 of 1st period - Icing by Jeff Petry. 6:05 of 1st period - Nic Dowd wins face-off versus Jaden Schwartz in EDMONTON ICE zone. 6:34 of 1st period - Shot by Jaden Schwartz. 6:34 of 1st period - Shot Misses the Net. 8:17 of 1st period - Shot by Alex Killorn. 8:17 of 1st period - Shot Blocked by Patric Hornqvist. 8:19 of 1st period - Shot by Marc Staal. 8:19 of 1st period - Shot Misses the Net. 8:48 of 1st period - Shot by Craig Smith. 8:48 of 1st period - Stopped by Philipp Grubauer with a rebound. 8:52 of 1st period - Shot by Craig Smith. 8:52 of 1st period - Shot Misses the Net. 9:17 of 1st period - Cody Eakin is hit by Joel Eriksson Ek and loses puck. 9:50 of 1st period - Shot by Jaden Schwartz. 9:50 of 1st period - Shot Misses the Net. 9:52 of 1st period - Shot by Ryan Graves. 9:52 of 1st period - Stopped by Cameron Talbot with a rebound. 9:54 of 1st period - Shot by Ryan O'Reilly. 9:54 of 1st period - Stopped by Cameron Talbot without a rebound. 9:55 of 1st period - Nick Suzuki wins face-off versus Mikko Koivu in NORTH DAKOTA HAWKS zone. 10:40 of 1st period - Shot by Ondrej Kase. 10:40 of 1st period - Shot Misses the Net. 11:34 of 1st period - Shot by Anthony Mantha. 11:34 of 1st period - Shot Misses the Net. 11:36 of 1st period - Shot by Ryan Graves. 11:36 of 1st period - Stopped by Cameron Talbot without a rebound. 11:37 of 1st period - Ryan O'Reilly wins face-off versus Cody Eakin in NORTH DAKOTA HAWKS zone. 11:44 of 1st period - Shot by Ryan O'Reilly. 11:44 of 1st period - Stopped by Cameron Talbot without a rebound. 11:45 of 1st period - Ivan Barbashev wins face-off versus Cody Eakin in NORTH DAKOTA HAWKS zone. 12:04 of 1st period - Shot by Ondrej Kase. 12:04 of 1st period - Stopped by Cameron Talbot without a rebound. 12:05 of 1st period - Ryan O'Reilly wins face-off versus Nic Dowd in NORTH DAKOTA HAWKS zone. 12:20 of 1st period - Shot by Anthony Mantha. 12:20 of 1st period - Stopped by Cameron Talbot with a rebound. 12:22 of 1st period - Shot by Anthony Mantha. 12:22 of 1st period - Stopped by Cameron Talbot without a rebound. 12:23 of 1st period - Jaden Schwartz wins face-off versus Brandon Sutter in NORTH DAKOTA HAWKS zone. 12:48 of 1st period - Quinton Hughes is hit by Ryan Graves and loses puck. 14:42 of 1st period - Shot by Zack Kassian. 14:42 of 1st period - Shot Misses the Net. 15:02 of 1st period - Shot by Quinton Hughes. 15:02 of 1st period - Shot Misses the Net. 15:10 of 1st period - Shot by Ryan Carpenter. 15:10 of 1st period - Shot Hit the Post. 15:12 of 1st period - Shot by Dougie Hamilton. 15:12 of 1st period - Shot Blocked by Jack Johnson. 15:14 of 1st period - Shot by Dougie Hamilton. 15:14 of 1st period - Stopped by Philipp Grubauer without a rebound. 15:15 of 1st period - Brandon Sutter wins face-off versus Ryan O'Reilly in EDMONTON ICE zone. 15:53 of 1st period - Icing by Marc Staal. 15:54 of 1st period - Mikko Koivu wins face-off versus Brandon Sutter in NORTH DAKOTA HAWKS zone. 15:59 of 1st period - Shot by Boone Jenner. 15:59 of 1st period - Shot Blocked by Marc Staal. 16:27 of 1st period - Ryan Lindgren is hit by Mikko Koivu. 17:08 of 1st period - Icing by Quinton Hughes. 17:09 of 1st period - Nick Suzuki wins face-off versus Joel Eriksson Ek in NORTH DAKOTA HAWKS zone. 17:09 of 1st period - Nick Suzuki is hit by Patric Hornqvist. 17:39 of 1st period - Shot by Patric Hornqvist. 17:39 of 1st period - Deflect By Timo Meier. 17:39 of 1st period - Goal by Timo Meier - NORTH DAKOTA HAWKS : 0 - EDMONTON ICE : 1. 17:40 of 1st period - Anthony Mantha wins face-off versus Ryan Carpenter in neutral zone. 18:28 of 1st period - Johnny Boychuk is hit by Jaden Schwartz and loses puck. Goals for this period are 0 for NORTH DAKOTA HAWKS vs 1 for EDMONTON ICE. Shots for this period are 3 for NORTH DAKOTA HAWKS vs 13 for EDMONTON ICE. 2nd period 0:01 of 2nd period - Ryan O'Reilly wins face-off versus Nick Suzuki in neutral zone. 0:32 of 2nd period - Shot by Anthony Mantha. 0:32 of 2nd period - Shot Misses the Net. 0:43 of 2nd period - Alex Killorn is hit by Ryan Graves and loses puck. 0:56 of 2nd period - Marc Staal is hit by Jaden Schwartz and loses puck. 1:21 of 2nd period - Shot by Patric Hornqvist. 1:21 of 2nd period - Stopped by Cameron Talbot with a rebound. 1:35 of 2nd period - Shot by Patric Hornqvist. 1:35 of 2nd period - Shot Blocked by Marc Staal. 1:37 of 2nd period - Shot by Shea Theodore. 1:37 of 2nd period - Shot Misses the Net. 1:56 of 2nd period - Icing by Marc Staal. 1:57 of 2nd period - Brandon Sutter wins face-off versus Mikko Koivu in NORTH DAKOTA HAWKS zone. 2:28 of 2nd period - Shot by Boone Jenner. 2:28 of 2nd period - Shot Blocked by Dougie Hamilton. 2:54 of 2nd period - Anthony Mantha is hit by Ryan Carpenter and loses puck. 3:05 of 2nd period - Alex Killorn is hit by Jaden Schwartz and loses puck. 3:11 of 2nd period - Icing by Luke Kunin. 3:12 of 2nd period - Nick Suzuki wins face-off versus Joel Eriksson Ek in NORTH DAKOTA HAWKS zone. 3:20 of 2nd period - Timo Meier is hit by Martin Marincin and loses puck. 3:29 of 2nd period - Shot by Timo Meier. 3:29 of 2nd period - Stopped by Cameron Talbot without a rebound. 3:30 of 2nd period - Ryan O'Reilly wins face-off versus Nic Dowd in NORTH DAKOTA HAWKS zone. 3:31 of 2nd period - Shot by Anthony Mantha. 3:31 of 2nd period - Deflect By Ryan O'Reilly. 3:31 of 2nd period - Shot Misses the Net. 3:33 of 2nd period - Shot by Ryan O'Reilly. 3:33 of 2nd period - Shot Blocked by Dougie Hamilton. 3:35 of 2nd period - Shot by Ryan Graves. 3:35 of 2nd period - Stopped by Cameron Talbot without a rebound. 3:36 of 2nd period - Nick Suzuki wins face-off versus Ryan O'Reilly in NORTH DAKOTA HAWKS zone. 3:36 of 2nd period - Nick Suzuki is hit by Jaden Schwartz. 4:00 of 2nd period - Shot by Ryan O'Reilly. 4:00 of 2nd period - Stopped by Cameron Talbot with